 Dungeon Crawl Stone Soup version 0.28-a0-751-gef3a642a4e (webtiles) character file.

Game seed: 8304920425261590561

18 willcat the Sneak (level 2, 0/29 HPs)
             Began as a Troll Delver on Oct 30, 2021.
             Slain by a bullfrog (3 damage)
             ... on level 7 of the Dungeon.
             The game lasted 00:00:27 (145 turns).

willcat the Sneak (Troll Delver)                     Turns: 145, Time: 00:00:27

Health: 0/29       AC: -8    Str: 19    XL:     2   Next: 48%
Magic:  1/1        EV: 10    Int:  6    God:
Gold:   12         SH:  0    Dex: 11    Spells: 1/1 levels left

rFire   . . .      SeeInvis .     - Unarmed
rCold   . . .      Faith    .   (no shield)
rNeg    . . .      Spirit   .   a - +0 robe
rPois   .          Reflect  .   (helmet restricted)
rElec   .          Harm     .   (no cloak)
rCorr   .          Rampage  .   (gloves unavailable)
Will    .....                   (boots unavailable)
Stlth   ++........              (no amulet)
HPRegen 1.09/turn               (no ring)
MPRegen 0.07/turn               (no ring)

@: corroded
A: large, unfitting armour, claws 3, regeneration 1, shaggy fur 1, tough skin 1
a: no special abilities


You were on level 7 of the Dungeon.
You visited 1 branch of the dungeon, and saw 3 of its levels.

You collected 12 gold pieces.

Inventory:

Armour
 a - a +0 robe (worn)
Wands
 f - a wand of digging (3)
Scrolls
 b - a scroll of fog
 c - a scroll of magic mapping
 d - a scroll of fear
 g - a scroll of enchant weapon {unknown}
Potions
 e - a potion of haste
 h - 2 potions of mutation {unknown}


   Skills:
 + Level 2.6 Fighting
 + Level 1.8 Dodging
 + Level 2.9 Stealth
 + Level 2.3 Unarmed Combat


You had one spell level left.
You didn't know any spells.
Your spell library was empty.

Dungeon Overview and Level Annotations

Branches:
Dungeon (7/15)
 Temple: D:4-7

Altars:


Innate Abilities, Weirdness & Mutations

You are too large for most types of armour.
You have claws for hands.
Your natural rate of healing is unusually fast.
You are covered in fur. (AC +1)
You have tough skin. (AC +1)


Message History

You see here an adder corpse.
Found a ring mail.
h - 2 red potions
Found a stone staircase leading down.
A jelly comes into view.
A jelly is nearby!
Found a dark potion.
A jelly and a wight come into view.
Found 14 stones.
The jelly quivers.
The jelly quivers.
There is a stone staircase leading down here.
The jelly hits you but does no damage.
You climb downwards.
There is a stone staircase leading up here.
Unknown command.
You scratch the jelly. The acid corrodes you!
Your claws burn!
The jelly is lightly wounded.
The jelly closely misses you.
You scratch the jelly.
Your claws burn!
The jelly is lightly wounded.
The jelly hits you. The acid corrodes you!
You are splashed with acid!
You scratch the jelly.
Your claws burn!
The jelly is moderately wounded.
The jelly hits you. The acid corrodes you!
You are splashed with acid!
* * * LOW HITPOINT WARNING * * *
You are too injured to fight recklessly!
You are too injured to fight recklessly!
A bullfrog comes into view.
The jelly jiggles.
The bullfrog croaks.
The bullfrog hits you. The bullfrog closely misses you.
Okay, then.
You closely miss the bullfrog. The bullfrog hits you! The jelly hits you.
You are splashed with acid!
* * * LOW HITPOINT WARNING * * *
You claw the bullfrog!
The bullfrog is heavily wounded.
The bullfrog hits you.
You die...

#.# ... ###.# ..#.#
###.#.# # ####.#.#.# ...
#....#.#.#########.....
.#.##..........J@F......
...<..#...########......
##.##.#...# ##.## ...
#.#...# #.# #.#...# ..
......# #. #.#.#.# .
#.#.#.# # #.#


You could see a bullfrog and a jelly.

Vanquished Creatures
  An adder (D:6)
  A white imp (D:6)
  An orc (D:6)
3 creatures vanquished.

Notes
Turn   | Place    | Note
-------+----------+-------------------------------------------
     0 | D:5      | willcat the Troll Delver began the quest for the Orb.
     0 | D:5      | Reached XP level 1. HP: 22/22 MP: 0/0
    19 | D:6      | Reached XP level 2. HP: 27/29 MP: 1/1
   111 | D:6      | Noticed a wight
   137 | D:7      | Noticed a bullfrog
   145 | D:7      | Slain by a bullfrog

Illustrated notes

Levels and vault maps discovered:
D:5:      layout_rooms, lemuel_round_altar
D:6:      layout_basic, minmay_crossroads, uniq_sigmund
D:7:      layout_basic, minmay_temple_entry_junction

Action                   || total
-------------------------++-------
Melee: Unarmed           ||    13
Armor: Robe              ||     4
Dodge: Dodged            ||     3

Table legend: (Time is in decaauts)
 A = Elapsed time spent in this place.
 B = Non-inter-level travel time spent in this place.
 C = Inter-level travel time spent in this place.
 D = Time resting spent in this place.
 E = Time spent auto-exploring this place.
 F = Levels seen in this place.
 G = Mean time per level.
                   A        B        C        D        E       F      G
               +--------+--------+--------+--------+--------+-----+--------+
         Total |    144 |    144 |      0 |      0 |     75 |   3 |   48.0 |
       Dungeon |    144 |    144 |      0 |      0 |     75 |   3 |   48.0 |
               +--------+--------+--------+--------+--------+-----+--------+

Top non-repeatable levels by time:
     D:6: 121 daAuts
     D:7: 17 daAuts
     D:5: 5 daAuts
